Map: Oxide LE

Players

PtitDrogo

  • Race: Protoss Protoss
  • Spawn Location: 7:00

uwuThermal (uThermal) - Winner!

  • Race: Terran Terran
  • Spawn Location: 1:00

Event: DreamHack SC2 Masters 2020 Winter

VOD

Have the link to the VOD?

Description

Time

  • Played on: Nov. 1, 2020, 1:09 p.m.
  • Length: 13:27

All games in this series

Show
View Real Time Build Order
Export as new Build Order

PtitDrogo Protoss 

Build Orders: 1 Gate Expand, Oracle Opening, Phoenix Opening 

Get SALT Encoding   

  12  0:00  Probe  
  13  0:12  Probe  
  14  0:16  Pylon  
  14  0:24  Probe (Chrono Boost)  
  16  0:36  Gateway, Probe (Chrono Boost)  
  16  0:43  Probe (Chrono Boost)  
  16  0:45  Assimilator  
  17  0:51  Probe  
  18  1:03  Probe  
  19  1:15  Probe  
  20  1:22  Nexus  
  20  1:31  Cybernetics Core  
  20  1:35  Probe  
  21  1:40  Assimilator  
  21  1:47  Probe  
  21  1:50  Pylon  
  22  1:59  Probe  
  23  2:05  Adept (Chrono Boost)  
  25  2:11  Probe  
  25  2:13  Stargate  
  26  2:22  Warp Gate  
  26  2:24  Probe (Chrono Boost)  
  26  2:25  Adept (Chrono Boost)  
  29  2:34  Probe (Chrono Boost)  
  31  2:41  Probe (Chrono Boost)  
  31  2:43  Probe (Chrono Boost)  
  32  2:48  Adept, Probe (Chrono Boost)  
  35  2:55  Probe  
  38  3:00  Probe  
  39  3:07  Probe  
  39  3:12  Oracle (Chrono Boost)  
  40  3:17  Gateway  
  40  3:19  Gateway  
  41  3:22  Shield Battery  
  41  3:26  Gateway  
  39  3:27  Probe x2  
  39  3:32  Pylon  
  41  3:39  Phoenix (Chrono Boost)  
  42  3:48  Probe  
  43  3:56  Phoenix (Chrono Boost)  
  41  4:10  Stalker  
  40  4:17  Stalker x2  
  42  4:27  Probe x2  
  44  4:31  Phoenix (Chrono Boost)  
  46  4:39  Probe (Chrono Boost)  
  46  4:41  Pylon, Probe (Chrono Boost)  
  46  4:44  Pylon  
  48  4:46  Assimilator, Pylon  
  48  4:49  Assimilator  
  48  4:51  Probe (Chrono Boost)  
  50  4:53  Robotics Facility  
  50  4:56  Probe (Chrono Boost)  
  50  4:57  Probe (Chrono Boost)  
  51  5:03  Probe  
  51  5:05  Probe  
  49  5:15  Probe  
  49  5:17  Probe  
  49  5:25  Shield Battery  
  50  5:29  Probe (Chrono Boost)  
  50  5:31  Probe (Chrono Boost)  
  51  5:36  Stalker  
  51  5:39  Probe (Chrono Boost)  
  51  5:42  Probe (Chrono Boost)  
  55  5:44  Robotics Bay  
  55  5:48  Probe (Chrono Boost)  
  55  5:49  Nexus  
  56  5:51  Probe (Chrono Boost)  
  56  5:55  Pylon  
  56  5:57  Observer  
  59  5:58  Probe (Chrono Boost)  
  59  5:59  Probe (Chrono Boost)  
  60  6:05  Sentry  
  60  6:06  Probe  
  60  6:07  Phoenix  
  60  6:08  Probe  
  66  6:18  Probe  
  67  6:20  Probe  
  68  6:27  Colossus (Chrono Boost)  
  68  6:30  Probe  
  68  6:32  Probe  
  76  6:42  Forge, Pylon, Twilight Council  
  76  6:47  Pylon  
  76  6:48  Extended Thermal Lance  
  76  6:53  Adept x2  
  78  6:56  Adept  
  80  7:16  Adept x3  
  80  7:22  Colossus (Chrono Boost)  
  85  7:24  Probe  
  92  7:30  Pylon  
  92  7:32  Pylon  
  92  7:41  Nexus  
  91  7:51  Adept x3  
  97  8:00  Probe  
  97  8:05  Charge, Protoss Ground Weapons Level 1  
  98  8:15  Colossus (Chrono Boost)  
  98  8:16  Probe  
  98  8:18  Gateway  
  105  8:21  Gateway  
  105  8:23  Gateway  
  101  8:33  Pylon  
  101  8:37  Templar Archives  
  101  8:38  Pylon  
  101  8:40  Pylon  
  101  8:46  Pylon  
  101  8:53  Zealot x2  
  101  8:54  Zealot  
  107  9:15  Stalker x3  
  67  9:24  Probe  
  57  9:36  Probe  
Show
View Real Time Build Order
Export as new Build Order

uwuThermal Terran - Winner!

Build Orders: 1/1/1, Hellion Banshee 

Get SALT Encoding   

  12  0:00  SCV  
  13  0:12  SCV  
  14  0:17  Supply Depot  
  14  0:24  SCV  
  15  0:38  SCV  
  15  0:40  Barracks  
  16  0:44  Refinery  
  16  0:50  SCV  
  16  0:53  Refinery  
  17  1:03  SCV  
  18  1:15  SCV  
  19  1:27  Marine, Orbital Command  
  19  1:31  Factory  
  20  1:41  Supply Depot  
  20  1:46  Barracks Reactor  
  20  1:53  SCV  
  21  2:05  SCV  
  22  2:09  Supply Depot  
  22  2:16  Starport  
  22  2:17  SCV  
  23  2:26  Hellion x2  
  28  2:30  SCV  
  28  2:42  SCV  
  29  2:47  Hellion x2  
  33  2:52  Medivac  
  33  2:57  Supply Depot  
  34  3:08  Hellion x2  
  38  3:24  Starport Tech Lab  
  38  3:27  Command Center  
  38  3:37  Factory Tech Lab  
  38  3:44  Banshee  
  38  3:46  Cloaking Field  
  41  3:49  Marine x2  
  43  3:57  Cyclone  
  43  4:02  SCV  
  47  4:07  Marine x2  
  39  4:24  Marine  
  39  4:25  Marine  
  39  4:27  Banshee  
  42  4:31  Cyclone  
  42  4:32  SCV  
  44  4:41  Orbital Command  
  44  4:44  SCV  
  45  4:47  Marine  
  46  4:54  Barracks  
  46  4:57  SCV  
  47  5:05  Barracks  
  47  5:08  Marine  
  47  5:09  SCV  
  47  5:12  Marine, Factory Tech Lab  
  50  5:19  SCV  
  51  5:23  SCV  
  51  5:24  Engineering Bay  
  51  5:25  Marine  
  50  5:29  Marine  
  50  5:31  SCV  
  50  5:35  SCV  
  53  5:43  SCV  
  53  5:47  SCV, Supply Depot, Stimpack  
  53  5:48  Marine, Marauder  
  58  5:50  Marine  
  58  5:53  Terran Infantry Weapons Level 1  
  58  5:55  SCV  
  60  5:59  SCV, Supply Depot  
  61  6:04  Combat Shield  
  61  6:07  Marine  
  61  6:09  SCV, Marauder  
  65  6:12  Marauder  
  65  6:15  Starport Reactor  
  65  6:16  Supply Depot  
  65  6:17  SCV  
  68  6:24  SCV  
  68  6:25  Refinery  
  69  6:29  SCV  
  69  6:30  Marine x2  
  69  6:31  Marauder  
  74  6:33  Marauder  
  74  6:37  SCV  
  74  6:39  Supply Depot  
  74  6:41  SCV  
  74  6:46  Supply Depot  
  75  6:48  Marine x2  
  75  6:49  SCV  
  75  6:51  Medivac, Marine  
  75  6:52  Medivac  
  75  6:53  SCV  
  84  6:58  Supply Depot  
  84  7:01  SCV  
  85  7:03  Marauder  
  86  7:10  Marauder  
  88  7:18  SCV x2  
  88  7:19  Marine  
  88  7:22  Command Center  
  91  7:24  Concussive Shells  
  91  7:25  Marauder  
  91  7:28  Refinery  
  93  7:30  SCV, Barracks  
  93  7:32  Barracks  
  93  7:33  Marauder  
  96  7:37  Marine  
  94  7:44  Medivac x2  
  94  7:46  Marine  
  94  7:49  SCV  
  98  7:54  SCV  
  98  7:56  Terran Infantry Armor Level 1  
  98  7:58  Marine  
  95  8:01  SCV, Marine  
  95  8:04  Marine  
  92  8:06  SCV  
  92  8:10  Marine  
  92  8:13  SCV  
  92  8:16  Marine  
  92  8:18  SCV  
  92  8:25  Medivac, SCV  
  93  8:30  SCV  
  94  8:35  Marine  
  94  8:37  SCV  
  96  8:43  SCV  
  96  8:45  Barracks Tech Lab x2  
  97  8:49  Orbital Command  
  97  8:51  SCV  
  97  8:52  Marine  
  99  8:58  SCV  
  99  9:01  Marine  
  99  9:02  Marauder  
  103  9:04  SCV  
  103  9:05  Marine  
  103  9:06  Marauder  
  103  9:07  Marine  
  107  9:12  SCV  
  106  9:20  Medivac  
  106  9:21  Marine  
  106  9:23  Marine, Marauder x2  
  106  9:25  SCV  
  106  9:26  Marauder, Marine  
  106  9:33  Medivac  
  106  9:36  SCV  
  106  9:37  SCV  
  104  9:39  Marine  
  104  9:41  Marine  
  104  9:44  Marauder  
Tags
 
Add a new tag
Caveats
  • Supply blocks, unpowered buildings, or Contaminate may cause inaccurate times.
  • Supply counts are checked every 10 seconds.